 Dungeon Crawl Stone Soup version 0.26-a0-200-g62faa89a7e (webtiles) character file.

Game seed: 3140880795533888018

71 MrRokkomies the Vexing (level 4, -7/30 HPs)
             Began as a Vampire Enchanter on July 5, 2020.
             Mangled by an ogre
             ... wielding a +0 giant club
              (17 damage)
             ... on level 2 of the Dungeon.
             The game lasted 00:03:58 (1036 turns).

MrRokkomies the Vexing (Vampire Enchanter)          Turns: 1036, Time: 00:03:58

Health: -7/30      AC:  2    Str:  8    XL:     4   Next: 5%
Magic:  5/7        EV: 13    Int: 17    God:
Gold:   38         SH:  0    Dex: 14    Spells: 4/7 levels left

rFire    . . .     SeeInvis +   a - +1 dagger
rCold    . . .     Faith    .   (no shield)
rNeg     . . .     Spirit   .   b - +0 robe
rPois    .         Reflect  .   (no helmet)
rElec    .         Harm     .   (no cloak)
rCorr    .                      (no gloves)
MR       .....                  (no boots)
Stlth    +++.......             (no amulet)
HPRegen  0.30/turn              (no ring)
MPRegen  0.10/turn              (no ring)

@: regenerating quickly
A: no food, fangs 3, see invisible, unbreathing
a: Exsanguinate


You were on level 2 of the Dungeon.
You were alive.

You visited 1 branch of the dungeon, and saw 2 of its levels.

You collected 38 gold pieces.

Inventory:

Hand Weapons
 a - a +1 dagger (weapon)
Armour
 b - a +0 robe (worn)
Scrolls
 e - 2 scrolls of identify
 f - a scroll of remove curse {unknown}
 g - a scroll of enchant armour {unknown}
 h - a scroll of blinking {unknown}
 j - a scroll of random uselessness {unknown}
 k - a scroll of immolation {unknown}
Potions
 d - a potion of flight
 i - a potion of mutation {unknown}


   Skills:
 * Level 2.5 Short Blades
 + Level 2.8 Dodging
 + Level 5.0 Stealth
 - Level 2.0 Spellcasting
 * Level 5.5 Hexes


You had 4 spell levels left.
You knew the following spells:

 Your Spells              Type           Power        Failure   Level  Hunger
a - Corona                Hex            ###....      1%          1    N/A
b - Ensorcelled Hibernat  Hex/Ice        ##....       10%         2    N/A

Your spell library contained the following spells:

 Spells                   Type           Power        Failure   Level  Hunger
 Confusing Touch          Hex            ###.....     6%          3    N/A
 Tukima's Dance           Hex            ###.....     6%          3    N/A
 Dazzling Flash           Conj/Hex       ##....       19%         3    N/A

Dungeon Overview and Level Annotations

Branches:
Dungeon (2/15)

Altars:

Annotations:
D:2 Natasha


Innate Abilities, Weirdness & Mutations

You do not eat.
Your natural rate of healing is unusually fast.
You have razor-sharp teeth.
You have supernaturally acute eyesight. (SInv)
You can survive without breathing.


Message History

* * * LOW HITPOINT WARNING * * *
Natasha zaps a wand.
Some rock shatters into small pieces.
It was a potion of curing.
You feel better.
Casting: Ensorcelled Hibernation (safe; 10% risk of failure)
Confirm with . or Enter, or press ? or * to list all spells.
Aiming: Ensorcelled Hibernation (safe; 10% risk of failure)
Press: ? - help, Shift-Dir - straight line, f - ogre
Aim: an ogre, wielding a +0 giant club (chance to defeat MR: 42%)
The ogre looks drowsy...
The helpless ogre fails to defend itself.
You impale the ogre!!
The ogre is severely wounded.
The ogre completely misses you.
Natasha zaps a wand.
Some rock shatters into small pieces.
The now-empty wand crumbles to dust.
As you read the scroll labeled QIECUO IV SIO, it crumbles to dust.
It is a scroll of identify.
d - a potion of flight The ogre hits you with a +0 giant club!
Ouch! That really hurt!
You die...

#.# .#.......# #.#
........# #.# ........#
#.# #........ ###.#
#........ #...#
##########........ #...#
#....#............
#...###....###..........
#...'.....@O.S....>.+...
#..^##.....r.h####### ..
#...########.## . #...#
## #####


You could see an ogre, Natasha, an adder and a rat.

Vanquished Creatures
  Natasha (D:2)
  An adder (D:2)
  An ooze (D:1)
  A dart slug (D:1)
  A leopard gecko (D:1)
  2 goblins (D:1)
  6 hobgoblins
  A quokka (D:2)
  7 bats
  3 frilled lizards
  6 kobolds
  3 rats
  2 toadstools (D:1)
35 creatures vanquished.

Vanquished Creatures (others)
  2 toadstools (D:1)
2 creatures vanquished.

Grand Total: 37 creatures vanquished

Notes
Turn   | Place    | Note
-------+----------+-------------------------------------------
     0 | D:1      | MrRokkomies the Vampire Enchanter began the quest for the
                  | Orb.
     0 | D:1      | Reached XP level 1. HP: 13/13 MP: 3/3
   259 | D:1      | Reached XP level 2. HP: 12/19 MP: 5/5
   287 | D:1      | Learned a level 2 spell: Ensorcelled Hibernation
   443 | D:1      | Reached skill level 5 in Hexes
   646 | D:1      | Reached XP level 3. HP: 23/24 MP: 6/6
   995 | D:2      | Noticed Natasha
  1004 | D:2      | Killed Natasha
  1004 | D:2      | Reached skill level 5 in Stealth
  1004 | D:2      | Reached XP level 4. HP: 30/30 MP: 4/7
  1016 | D:2      | Noticed Natasha
  1019 | D:2      | Noticed an ogre
  1036 | D:2      | Mangled by an ogre

Illustrated notes

Levels and vault maps discovered:
D:1:      ldierk_water_garden, layout_loops_ring,
          hangedman_abyss_or_decor_lesser_grid
D:2:      layout_basic, uniq_natasha

Skill      XL: |  1  2  3 |
---------------+----------+-----
Hexes          | 5 |  5.5
Short Blades   | 2 |  2.5
Stealth        | 5 |  5.0
Dodging        | |  2.8
Spellcasting   | |  2.0

Action                   |  1- 3 |  4- 6 || total
-------------------------+-------+-------++-------
Melee: Dagger            |   105 |     5 ||   110
       Bite              |     7 |       ||     7
 Cast: Ensorcelled Hiber |     1 |     1 ||     2
  Use: Scroll            |       |     1 ||     1
       Potion            |       |     1 ||     1
 Stab: Sleeping          |     8 |     1 ||     9
Armor: Robe              |    22 |       ||    22
Dodge: Dodged            |    72 |     4 ||    76

Table legend:
 A = Non-vault XP
 B = Vault XP
 C = Vault XP percentage of total XP
 D = Non-vault monster count
 E = Vault monster count
 F = Vault count percentage of total count
                 A         B        C        D         E       F
            +---------+---------+-------+---------+---------+-------
      Total |      66 |      36 |  35.3 |      32 |       1 |   3.0
            +---------+---------+-------+---------+---------+-------
        D:1 |      41 |       0 |   0.0 |      23 |       0 |   0.0
        D:2 |      25 |      36 |  59.0 |       9 |       1 |  10.0
            +---------+---------+-------+---------+---------+-------
